AoeStats
← superdonk

Arabia

509634922Analyzed
1v1 RM · 3d ago on Sep 27, 2026· 53m 29s· 2 players
Game mode
Random Map
Map size
Tiny (2 player)
Population
200
Speed
Normal
Resources
Standard
Victory
Conquest
Starting age
Dark Age
Ending age
Imperial Age
RankedLock teamsTeams togetherTeam positionsShared explorationLock speedFull tech treeHidden civsTurbo modeCheats
Victory
Defeat
🇳🇴 Khmer · Norway
975
+17
🇰🇿 Spanish · Kazakhstan
1003
-17
superdonk
8:07 Loom
9:53 Feudal Age
10:48 Double-Bit Axe
10:45 Horse Collar
13:18 Wheelbarrow
16:20 Castle Age
15:30 Bloodlines
15:15 Gold Mining
22:58 Hand Cart
23:25 Bow Saw
24:22 Stone Mining
25:35 Husbandry
27:53 Stone Shaft Mining
33:03 Gold Shaft Mining
32:16 Town Watch
38:20 Forging
40:03 Tusk Swords
48:13 Imperial Age
47:28 Iron Casting
46:58 Scale Barding Armor
Дошик)
6:48 Loom
10:18 Feudal Age
10:59 Double-Bit Axe
10:56 Horse Collar
17:58 Castle Age
16:45 Stone Mining
16:47 Gold Mining
19:31 Stone Shaft Mining
19:19 Heavy Plow
19:56 Bow Saw
23:05 Padded Archer Armor
24:55 Pikeman
25:35 Squires
25:54 Fervor
26:01 Scale Mail Armor
27:42 Wheelbarrow
27:59 Husbandry
28:09 Bloodlines
29:18 Scale Barding Armor
29:28 Leather Archer Armor
29:31 Inquisition
31:48 Town Watch
32:21 Hand Cart
33:05 Fletching
33:26 Forging
33:39 Chain Mail Armor
34:07 Arson
35:57 Sanctity
41:01 Town Patrol
44:49 Imperial Age
47:43 Light Cavalry
49:10 Chain Barding Armor
49:26 Iron Casting
49:52 Halberdier
53:10 Hussar
Connection lost

Rejoining the realm…

Still unreachable

The connection could not be restored.

Session expired

The server has moved on; the page needs a fresh start.